Map: Kairos Junction LE

Players

Stropheum - Winner!

  • Race: Zerg Zerg
  • League: Master
  • Spawn Location: 11:00

YMTK

  • Race: Terran Terran
  • League: Diamond
  • Spawn Location: 5:00

VOD

Have the link to the VOD?

Description

Time

  • Played on: April 22, 2019, 5:58 p.m.
  • Length: 15:21
Show
View Real Time Build Order
Export as new Build Order

Stropheum Zerg - Winner!

Build Orders: Hatch First 

Get SALT Encoding   

  12  0:00  Drone  
  13  0:12  Overlord  
  13  0:17  Drone  
  14  0:30  Drone x2  
  14  0:35  Drone  
  17  0:53  Hatchery  
  17  0:56  Drone  
  17  1:00  Drone  
  18  1:10  Extractor  
  17  1:15  Spawning Pool  
  16  1:19  Drone  
  16  1:22  Drone  
  18  1:28  Drone  
  19  1:41  Overlord  
  19  2:02  Zergling x4  
  19  2:05  Queen x2  
  19  2:06  Drone  
  26  2:11  Drone  
  26  2:13  Metabolic Boost  
  27  2:17  Drone  
  27  2:21  Drone  
  29  2:27  Drone  
  30  2:34  Overlord  
  29  2:40  Spore Crawler  
  28  2:48  Queen x2  
  28  2:50  Drone  
  33  2:53  Drone  
  33  2:58  Drone x2  
  36  3:02  Overlord  
  37  3:05  Drone  
  37  3:28  Hatchery  
  36  3:49  Drone x6  
  42  3:58  Overlord  
  42  4:02  Drone, Overlord  
  43  4:03  Drone x4  
  47  4:21  Evolution Chamber  
  47  4:22  Evolution Chamber  
  45  4:25  Queen x2  
  49  4:31  Overlord  
  49  4:32  Overlord  
  49  4:33  Drone x3  
  52  4:44  Queen  
  54  4:47  Zergling x6  
  54  4:48  Zergling x8  
  62  5:00  Zergling x8  
  62  5:04  Queen x2  
  69  5:12  Zerg Ground Armor Level 1  
  69  5:16  Overlord x2  
  69  5:17  Drone x7  
  76  5:24  Overlord x2  
  76  5:33  Zergling x6  
  79  5:37  Extractor x2  
  77  5:46  Lair  
  77  5:48  Drone x3  
  77  5:49  Drone x3  
  83  5:56  Drone x3  
  83  5:57  Drone x3  
  85  6:12  Zerg Melee Weapons Level 1  
  85  6:13  Overlord x2  
  85  6:14  Drone x2  
  85  6:17  Hatchery  
  86  6:23  Drone  
  86  6:25  Baneling Nest  
  86  6:26  Drone x4, Extractor x2  
  86  6:28  Drone x2  
  86  6:30  Drone  
  86  6:31  Drone  
  93  6:32  Drone  
  93  6:34  Hatchery  
  92  6:41  Overlord x2  
  92  6:47  Zergling x2  
  92  6:48  Zergling x2  
  94  6:59  Overseer  
  94  7:00  Hydralisk Den  
  94  7:01  Pneumatized Carapace  
  93  7:02  Infestation Pit  
  93  7:03  Zergling x2  
  93  7:04  Zergling x8  
  96  7:09  Baneling  
  96  7:10  Baneling x6  
  96  7:14  Zergling x6  
  99  7:20  Centrifical Hooks  
  99  7:28  Zergling x6  
  102  7:31  Queen  
  102  7:32  Grooved Spines  
  104  7:49  Hive  
  104  7:50  Overlord x2  
  104  7:51  Drone x15  
  119  8:05  Baneling x7  
  119  8:06  Baneling x3  
  119  8:11  Zergling x12  
  119  8:12  Zergling x18  
  134  8:23  Zergling x8  
  134  8:24  Zergling x8  
  141  8:33  Zergling x6  
  129  8:43  Muscular Augments  
  129  8:46  Extractor x2  
  129  8:47  Extractor  
  125  8:59  Zerg Ground Armor Level 2, Zerg Melee Weapons Level 2  
  125  9:07  Adrenal Glands  
  125  9:09  Zergling x2  
  127  9:10  Zergling x28, Ultralisk Cavern  
  127  9:13  Zergling x10  
  127  9:14  Zergling x12  
  150  9:19  Overseer  
  150  9:41  Viper x3  
  154  9:45  Zergling x6  
  154  9:46  Zergling x32  
  172  9:58  Zergling x4  
  174  10:07  Chitinous Plating  
  174  10:11  Spine Crawler  
  174  10:12  Spine Crawler  
  172  10:18  Baneling  
  172  10:19  Baneling x18  
  172  10:25  Hatchery  
  147  11:01  Burrow  
  146  11:13  Zergling x16  
  146  11:14  Overlord x3  
  146  11:15  Overlord x3  
  146  11:16  Zerg Melee Weapons Level 3, Zerg Ground Armor Level 3  
  143  11:26  Anabolic Synthesis  
  143  11:37  Ultralisk x6  
  179  11:40  Zergling x20  
  179  11:41  Zergling x20  
  199  11:47  Baneling x8  
  199  11:48  Baneling  
  179  12:11  Hydralisk x10  
  191  12:21  Viper  
  164  12:43  Drone x3  
  167  12:44  Drone x2  
  167  12:45  Drone x5  
  167  12:51  Spire  
  173  12:53  Spire  
  148  12:58  Spine Crawler  
  148  12:59  Spine Crawler, Spore Crawler  
  148  13:02  Ultralisk x2  
  151  13:11  Extractor x2  
  148  13:20  Spine Crawler  
  148  13:22  Spine Crawler  
  148  13:25  Ultralisk x2  
  151  14:06  Spine Crawler  
  151  14:07  Spine Crawler  
  147  14:19  Corruptor x13  
  173  14:29  Baneling x6  
  173  14:30  Zergling x6  
  173  14:31  Zergling x8  
  180  14:55  Baneling  
  180  14:56  Zergling x2, Baneling x13  
  180  14:57  Zergling x16  
  189  15:16  Hatchery  
Show
View Real Time Build Order
Export as new Build Order

YMTK Terran 

Build Orders: Reaper Expand 

Get SALT Encoding   

  12  0:01  SCV  
  13  0:13  SCV  
  14  0:17  Supply Depot  
  14  0:25  SCV  
  15  0:38  SCV  
  15  0:40  Barracks  
  16  0:46  Refinery  
  16  0:51  SCV  
  17  1:03  SCV  
  18  1:15  SCV  
  19  1:31  Reaper  
  19  1:32  Orbital Command  
  20  1:46  Command Center  
  20  1:57  Barracks  
  20  1:59  SCV  
  21  2:04  Barracks Reactor  
  21  2:11  Supply Depot  
  21  2:13  SCV  
  22  2:18  Refinery  
  22  2:25  SCV  
  23  2:39  SCV  
  23  2:43  Marine x2  
  26  2:44  Barracks Tech Lab  
  27  2:51  SCV  
  27  2:52  Factory  
  28  3:01  Marine x2  
  28  3:03  SCV  
  30  3:11  Marine  
  30  3:12  Stimpack  
  31  3:15  Orbital Command  
  31  3:19  Marine, SCV  
  33  3:32  Marine x2, SCV  
  35  3:36  Marine  
  35  3:41  Starport  
  36  3:44  Factory Reactor  
  36  3:46  SCV  
  36  3:50  SCV  
  37  3:58  SCV  
  37  4:00  Marine x2, Supply Depot  
  37  4:01  Marine  
  41  4:03  SCV  
  42  4:10  SCV  
  42  4:15  SCV  
  44  4:23  Supply Depot, SCV  
  45  4:24  Supply Depot  
  45  4:27  SCV  
  45  4:30  Medivac x2  
  50  4:32  Marine x2  
  50  4:33  Marine  
  50  4:35  Factory Tech Lab  
  50  4:37  SCV  
  54  4:45  SCV  
  55  4:49  Marine, Engineering Bay  
  55  4:51  Engineering Bay  
  56  4:53  Marine x2  
  56  4:54  SCV  
  56  4:57  SCV  
  56  4:59  Supply Depot  
  60  5:01  Supply Depot  
  60  5:06  SCV  
  61  5:07  Marine  
  61  5:11  Marine x2  
  64  5:15  Terran Infantry Weapons Level 1  
  64  5:17  Terran Infantry Armor Level 1  
  64  5:22  SCV x2  
  66  5:28  Combat Shield  
  66  5:30  Command Center  
  67  5:35  SCV x2  
  67  5:39  Medivac  
  67  5:42  Refinery  
  70  5:44  Siege Tank  
  70  5:47  SCV  
  70  5:48  SCV  
  75  5:59  Marine x2, SCV  
  77  6:08  Marine  
  78  6:12  Medivac  
  78  6:13  SCV  
  78  6:14  Barracks x2  
  78  6:17  Marine x2  
  83  6:21  SCV  
  83  6:24  Barracks  
  83  6:25  Refinery, SCV  
  85  6:32  Supply Depot  
  85  6:33  SCV  
  85  6:35  Supply Depot  
  85  6:37  Supply Depot  
  86  6:42  Marine x3, SCV  
  86  6:45  Siege Tank, SCV  
  94  6:47  Orbital Command  
  94  6:51  Armory  
  94  7:00  Marine  
  95  7:04  Orbital Command, Starport Reactor  
  95  7:08  Marine  
  98  7:09  SCV x2  
  98  7:10  Barracks Reactor x2  
  98  7:17  Supply Depot  
  98  7:27  SCV x2  
  100  7:34  Concussive Shells  
  100  7:38  Terran Infantry Armor Level 2, Terran Infantry Weapons Level 2  
  100  7:39  SCV x2  
  102  7:47  SCV  
  102  7:51  Marine, SCV x2  
  104  7:52  Marine x8  
  104  7:56  Refinery  
  114  7:59  SCV  
  114  8:03  SCV  
  116  8:09  Marine  
  116  8:10  Marine x8, Medivac x2  
  116  8:12  Drilling Claws, Siege Tank  
  132  8:22  Refinery  
  132  8:27  Marine  
  132  8:29  Marine x3  
  133  8:34  Marine x2  
  133  8:37  Marine  
  133  8:38  Marine x2  
  128  8:45  Marine, Siege Tank  
  128  8:46  Marine, Medivac x2  
  133  8:52  Barracks  
  133  8:54  Fusion Core  
  133  8:56  Barracks  
  133  8:57  Starport, Barracks  
  133  8:59  Barracks  
  133  9:03  Marine x2  
  133  9:07  Liberator x2  
  135  9:12  Command Center  
  135  9:17  Marine  
  135  9:18  Marine x5  
  141  9:24  Terran Vehicle Weapons Level 1  
  147  9:45  Barracks Reactor x4  
  145  9:50  Missile Turret  
  145  9:53  Missile Turret, Widow Mine x2  
  145  9:54  Missile Turret  
  145  9:56  Terran Infantry Weapons Level 3  
  149  10:00  Command Center  
  149  10:01  Starport Tech Lab  
  149  10:06  Terran Infantry Armor Level 3  
  149  10:17  Supply Depot x2  
  149  10:24  Marine x8  
  155  10:41  Marine x3  
  138  10:56  Marine x10  
  138  10:57  Marine  
  150  10:59  Marine x3  
  148  11:12  Liberator x3  
  148  11:13  Marine  
  148  11:14  Marine x10  
  148  11:15  SCV  
  148  11:17  Marine x3  
  152  11:30  Advanced Ballistics  
  152  11:31  Marine  
  152  11:32  Marine x9  
  172  11:33  SCV x3  
  175  11:41  Marine  
  175  11:45  SCV x3  
  178  11:52  Missile Turret x2  
  135  12:25  Marine x12  
  135  12:26  Marine  
  135  12:27  Widow Mine  
  135  12:28  Widow Mine  
  119  12:38  Planetary Fortress  
  119  12:42  Marine  
  119  12:43  Marine x8, SCV x3  
  131  12:49  Widow Mine x2  
  131  12:50  Liberator  
  135  12:55  SCV x3  
  135  12:58  Marine x4  
  129  13:00  Marine  
  129  13:01  Marine x8  
  141  13:06  Liberator x2  
  141  13:07  SCV x3  
  141  13:10  Widow Mine x2  
  151  13:15  Marine  
  151  13:16  Marine x3  
  151  13:19  SCV  
  156  13:25  Marine x4  
  160  14:17  Command Center  
  160  14:20  Missile Turret  
  160  14:21  Missile Turret x2  
  160  14:34  Marine  
  160  14:35  Marine x2, Marauder x2  
  167  14:51  Marine, Widow Mine x2  
Tags
 
Add a new tag
Caveats
  • Supply blocks, unpowered buildings, or Contaminate may cause inaccurate times.
  • Supply counts are checked every 10 seconds.